 Dungeon Crawl Stone Soup version 0.17.0-24-gcfadda4 (webtiles) character file.

27636 dorian the Arsonist (level 13, -3/71 HPs)
             Began as an Octopode Fire Elementalist on Nov 16, 2015.
             Was a High Priest of Vehumet.
             Shot with a bolt by a naga sharpshooter (25 damage)
             ... on level 3 of the Lair of Beasts.
             The game lasted 00:58:36 (24567 turns).

dorian the Arsonist (Octopode Fire Elementalist)   Turns: 24567, Time: 00:58:37

Health: -3/71      AC:  8    Str:  9    XL:     13   Next: 33%
Magic:  19/25      EV: 12    Int: 22    God:    Vehumet [*****.]
Gold:   755        SH:  0    Dex: 12    Spells: 5 memorised, 12 levels left

rFire  + + .     SeeInvis .     J - +5 flail (protect)
rCold  . . .     Rnd*Rage +     (no shield)
rNeg   . . .     SustAt   +     F - +2 hat
rPois  .         Gourm    .     (no amulet)
rElec  .         Spirit   .     o - ring of protection from fire
rCorr  .         Warding  .     z - +3 ring of strength
rMut   .         Rnd*Tele +     w - ring of sustain attributes
MR     .....                    (no ring)
Stlth  +++.......               (no ring)
                                (no ring)
                                (no ring)
                                (no ring)

@: not resistant to hostile enchantments, fairly stealthy
A: almost no armour, amphibious, 8 rings, constrict 8, camouflage 1, berserk 1,
fire resistance 1, mutation resistance 1, teleportitis 1, weak 1, gelatinous
body 1
a: Renounce Religion


You were on level 3 of the Lair of Beasts.
You worshipped Vehumet.
Vehumet was extremely pleased with you.
You were hungry.

You visited 3 branches of the dungeon, and saw 16 of its levels.

You collected 755 gold pieces.

Inventory:

Hand Weapons
 t - a +0 blowgun
 J - a +5 flail of protection (weapon)
Missiles
 A - 9 curare-tipped needles
Armour
 F - a +2 hat (worn)
Jewellery
 g - an uncursed ring of ice
 m - a -3 ring of dexterity
 o - a ring of protection from fire (left tentacle)
 v - an uncursed amulet of stasis
 w - a ring of sustain attributes (on tentacle)
 z - a +3 ring of strength (right tentacle)
Wands
 e - a wand of slowing (0)
 f - a wand of paralysis (0)
 C - a wand of confusion (22)
 E - a wand of random effects (14)
Scrolls
 c - a scroll of recharging
 h - 3 scrolls of teleportation
 k - 7 scrolls of identify
 p - a scroll of blinking
 q - 3 scrolls of magic mapping
 r - a scroll of fear
 s - 2 scrolls of immolation
 y - a scroll of remove curse
 H - a scroll of enchant armour
Potions
 n - 2 potions of curing
 B - a potion of magic {unknown}
 D - 4 potions of agility
Books
 a - a book of Flames

   Spells                             Type                      Level
   a - Flame Tongue                   Conjuration/Fire             1
   b - Throw Flame                    Conjuration/Fire             2
   c - Conjure Flame                  Conjuration/Fire             3
   d - Inner Flame                    Hexes/Fire                   3
   e - Sticky Flame                   Conjuration/Fire             4
   f - Fireball                       Conjuration/Fire             5
 d - a book of Changes

   Spells                             Type                      Level
   a - Beastly Appendage              Transmutation                1
   b - Sticks to Snakes               Transmutation                2
   c - Spider Form                    Transmutation/Poison         3
   d - Ice Form                       Ice/Transmutation            4
   e - Blade Hands                    Transmutation                5
 j - a book of Unlife

   Spells                             Type                      Level
   a - Recall                         Summoning/Translocation      3
   b - Animate Dead                   Necromancy                   4
   c - Control Undead                 Necromancy                   4
   d - Cigotuvi's Embrace             Necromancy                   5
   e - Death Channel                  Necromancy                   6
   f - Simulacrum                     Ice/Necromancy               6
 u - a book of Battle

   Spells                             Type                      Level
   a - Infusion                       Charms                       1
   b - Shroud of Golubria             Charms/Translocation         2
   c - Song of Slaying                Charms                       2
   d - Spectral Weapon                Hexes/Charms                 3
   e - Regeneration                   Charms/Necromancy            3
 x - Sif Muna's Reference Book on Talismans
   (You found it on level 4 of the Dungeon)

   Spells                             Type                      Level
   a - Infusion                       Charms                       1
 K - a book of Hinderance

   Spells                             Type                      Level
   a - Confusing Touch                Hexes                        2
   b - Confuse                        Hexes                        3
   c - Gell's Gravitas                Hexes/Translocation          3
   d - Petrify                        Transmutation/Earth          4
   e - Metabolic Englaciation         Hexes/Ice                    5
Comestibles
 b - 6 bread rations
 i - 5 meat rations
 l - a fruit


   Skills:
 - Level 2.0 Dodging
 - Level 2.6 Stealth
 + Level 8.4 Spellcasting
 + Level 13.9 Conjurations
 + Level 14.0 Fire Magic
 - Level 4.4 Poison Magic


You had 12 spell levels left.
You knew the following spells:

 Your Spells              Type           Power        Failure   Level  Hunger
a - Flame Tongue          Conj/Fire      #####        1%          1    None
b - Sticky Flame          Conj/Fire      ######..     1%          4    ###....
c - Mephitic Cloud        Conj/Pois/Air  #####...     1%          3    None
d - Fireball              Conj/Fire      ######....   1%          5    #####..
e - Conjure Flame         Conj/Fire      ######..     1%          3    None


Dungeon Overview and Level Annotations

Branches:
Dungeon (11/15)            Temple (1/1) D:5            Lair (4/8) D:8
  Snake (0/4) Lair:3          Orc (0/4) D:10
  Swamp: Lair:3-6    Shoals: Lair:3-6

Altars:
Elyvilon
Fedhas
Gozag
Nemelex Xobeh
Okawaru
Qazlal
Sif Muna
Vehumet
Xom
Yredelemnul
The Shining One

Annotations:
D:5 Sigmund
Lair:3 exclusion: oklob plant


Innate Abilities, Weirdness & Mutations

You cannot wear most types of armour.
You are amphibious.
You can wear up to eight rings at the same time.
You can use your tentacles to constrict eight enemies at once.
Your skin changes colour to match your surroundings (Stealth).
Your rubbery body absorbs attacks (AC +1).
You tend to lose your temper in combat.
Your flesh is heat resistant.
You are somewhat resistant to further mutation.
You are occasionally teleported to nearby monsters.
You are weak. (Str -2)


Message History

Aim: a naga sharpshooter, wielding an arbalest (lightly wounded, covered in liquid flames, catching its breath)
The flame tongue hits the naga sharpshooter.
The naga sharpshooter is moderately wounded.
The naga sharpshooter burns!
The naga sharpshooter casts a spell.
The naga sharpshooter magically shoots a bolt.
The bolt hits you!!
* * * LOW HITPOINT WARNING * * *
Casting: Flame Tongue
Confirm with . or Enter, or press ? or * to list all spells.
Aiming: Flame Tongue
Press: ? - help, Shift-Dir - straight line, f/p - naga sharpshooter
Aim: a naga sharpshooter, wielding an arbalest (moderately wounded, covered in liquid flames, catching its breath)
The flame tongue hits the naga sharpshooter.
The naga sharpshooter is moderately wounded.
The naga sharpshooter burns!
The naga sharpshooter stops burning.
The naga sharpshooter mumbles some strange words.
The naga sharpshooter magically shoots a bolt.
The bolt hits you!!
You die...

#.....#..#####.......P##
..#..######.#..........#
..##..###P.#..........##
...##..#.......(......##
....#..................#
.......#...............#
......##...............#
.....####..............##
......##........@N......##
.....##P.................##
....####..................#
....## #.................##
.....###..........<......####
...####..................P#P#####
...###........................#..
....#.#.................P........
...###.................#......###


You could see a naga sharpshooter.

Vanquished Creatures
  Fannar (Lair:2)
  6 hydras
  Sonja (Lair:3)
  A hill giant (D:11)
  An ugly thing (D:8)
  Maurice (D:8)
  A cyclops (D:11)
  2 black mambas
  11 spiny frogs
  A komodo dragon (Lair:1)
  A troll (D:9)
  3 blink frogs (Lair:4)
  A two-headed ogre (D:10)
  A wraith (D:11)
  A spriggan (D:7)
  4 basilisks
  A wyvern (Lair:2)
  19 yaks
  Grum (D:8)
  3 hippogriffs
  4 wolves (D:8)
  Edmund (D:6)
  An orc warrior (D:7)
  9 water moccasins
  An eye of draining (D:9)
  7 porcupines
  7 ice beasts
  6 sky beasts
  8 centaurs
  9 ogres
  2 black bears
  3 phantoms
  15 giant frogs
  14 crocodiles
  2 big kobolds
  A gnoll sergeant (D:7)
  A wyvern zombie (D:10)
  5 scorpions
  16 killer bees
  8 wights
  2 crimson imps
  A giant frog zombie (D:7)
  A centaur zombie (D:5)
  4 giant frog skeletons
  6 orc priests
  3 centaur skeletons
  4 hounds
  9 iguanas
  Jessica (D:2)
  6 orc wizards
  6 worker ants
  21 sheep
  2 hound skeletons
  14 gnolls
  8 adders
  70 river rats
  3 shadow imps
  An ooze (D:2)
  An adder zombie (D:6)
  3 adder skeletons
  29 orcs
  A ball python (D:7)
  5 bats
  9 giant cockroaches
  7 goblins
  A hobgoblin (D:2)
  10 jackals
  28 kobolds
  6 quokkas
  5 giant geckos
  5 giant newts
  A quokka skeleton (D:9)
  11 rats
  A butterfly (Lair:2)
466 creatures vanquished.

Vanquished Creatures (others)
  An adder (D:6)
  An adder skeleton (D:6)
  8 fungi (Lair:2)
  3 plants
13 creatures vanquished.

Grand Total: 479 creatures vanquished

Notes
Turn   | Place    | Note
--------------------------------------------------------------
     0 | D:1      | dorian the Octopode Fire Elementalist began the quest for the Orb.
     0 | D:1      | Reached XP level 1. HP: 11/11 MP: 3/3
   221 | D:1      | Reached XP level 2. HP: 17/17 MP: 5/5
   747 | D:2      | Reached XP level 3. HP: 19/21 MP: 6/6
   859 | D:2      | Noticed Jessica
   862 | D:2      | Killed Jessica
   862 | D:2      | Reached XP level 4. HP: 23/27 MP: 4/7
   915 | D:2      | Learned a level 4 spell: Sticky Flame
   990 | D:2      | Reached skill level 4 in Fire Magic
  1819 | D:3      | Found an opulent altar of Gozag.
  2049 | D:3      | Found a stormy altar of Qazlal.
  2049 | D:3      | Found a shimmering altar of Xom.
  2125 | D:4      | Reached XP level 5. HP: 8/31 MP: 0/8
  2404 | D:4      | Noticed a centaur
  2430 | D:4      | Noticed an ogre
  2434 | D:4      | Killed an ogre
  2494 | D:4      | Reached skill level 5 in Fire Magic
  2494 | D:4      | Reached XP level 6. HP: 22/36 MP: 1/9
  2763 | D:4      | Noticed an ogre
  2766 | D:4      | Noticed an ogre
  2777 | D:4      | Killed an ogre
  2784 | D:4      | Killed an ogre
  2916 | D:4      | Reached skill level 5 in Conjurations
  3059 | D:4      | Reached XP level 7. HP: 22/41 MP: 3/10
  3066 | D:4      | Killed a centaur
  3066 | D:4      | Reached skill level 6 in Fire Magic
  3530 | D:4      | Found a deep blue altar of Sif Muna.
  3548 | D:4      | Identified Sif Muna's Reference Book on Talismans
  3725 | D:5      | Entered Level 5 of the Dungeon
  3946 | D:5      | Reached XP level 8. HP: 25/46 MP: 0/11
  4040 | D:5      | Reached skill level 7 in Fire Magic
  4075 | D:5      | Found a staircase to the Ecumenical Temple.
  4082 | Temple   | Entered the Ecumenical Temple
  4090 | Temple   | Became a worshipper of Vehumet
  4322 | D:5      | Noticed Sigmund
  5332 | D:6      | HP: 2/46 [centaur (9)]
  5335 | D:6      | Reached * piety under Vehumet
  5335 | D:6      | Offered knowledge of Sting by Vehumet.
  5557 | D:6      | Reached skill level 8 in Fire Magic
  6023 | D:6      | Noticed Edmund
  6044 | D:6      | Killed Edmund
  6044 | D:6      | Reached XP level 9. HP: 45/51 MP: 1/12
  6432 | D:6      | Reached skill level 9 in Fire Magic
  6545 | D:6      | Gained mutation: Your flesh is heat resistant. [potion of mutation]
  6545 | D:6      | Gained mutation: You are somewhat resistant to further mutation. [potion of mutation]
  6798 | D:7      | Found an iron altar of Okawaru.
  7469 | D:7      | Reached ** piety under Vehumet
  7469 | D:7      | Offered knowledge of Freeze by Vehumet.
  7505 | D:7      | HP: 2/51 [poisoned by a killer bee]
  7513 | D:7      | HP: 2/51 [poisoned by a killer bee]
  7787 | D:6      | Gained mutation: You are occasionally teleported to nearby monsters. [mutagenic meat]
  7788 | D:6      | Gained mutation: You are agile. (Dex +2) [mutagenic meat]
  7792 | D:6      | Reached skill level 10 in Fire Magic
  7934 | D:7      | Reached XP level 10. HP: 56/56 MP: 4/13
  8022 | D:7      | Reached skill level 10 in Conjurations
  8868 | D:8      | Found a staircase to the Lair.
  9231 | D:8      | Noticed Maurice
  9240 | D:8      | Killed Maurice
  9335 | D:8      | Noticed Grum
  9988 | D:8      | Noticed a white ugly thing
 10006 | D:8      | Offered knowledge of Stone Arrow by Vehumet.
 10022 | D:8      | Killed a white ugly thing
 10022 | D:8      | Reached skill level 11 in Fire Magic
 10949 | D:9      | Reached *** piety under Vehumet
 11157 | D:9      | Found a white marble altar of Elyvilon.
 11469 | D:9      | Offered knowledge of Mephitic Cloud by Vehumet.
 11474 | D:9      | Learned a level 3 spell: Mephitic Cloud
 11496 | D:9      | Reached skill level 1 in Poison Magic
 11496 | D:9      | Reached XP level 11. HP: 61/61 MP: 7/14
 12440 | D:10     | Entered Level 10 of the Dungeon
 13328 | D:11     | Noticed a hill giant
 13341 | D:11     | Killed a hill giant
 13447 | D:10     | Found a staircase to the Orcish Mines.
 13566 | D:10     | Reached **** piety under Vehumet
 14074 | D:11     | Reached skill level 12 in Fire Magic
 14368 | D:11     | Offered knowledge of Bolt of Draining by Vehumet.
 14412 | D:11     | Gained mutation: You are weak. (Str -2) [mutagenic meat]
 14413 | D:11     | Lost mutation: You are agile. (Dex +2) [mutagenic meat]
 14414 | D:11     | Lost mutation: You are somewhat resistant to further mutation. [mutagenic meat]
 14415 | D:11     | Gained mutation: You are somewhat resistant to further mutation. [mutagenic meat]
 14416 | D:11     | Gained mutation: You tend to lose your temper in combat. [mutagenic meat]
 15110 | D:11     | Noticed a five-headed hydra
 15297 | Lair:1   | Entered Level 1 of the Lair of Beasts
 15297 | Lair:1   | Noticed a four-headed hydra
 15362 | D:8      | Killed Grum
 15553 | Lair:1   | Killed a four-headed hydra
 15841 | Lair:1   | Reached skill level 5 in Spellcasting
 16210 | Lair:1   | Reached XP level 12. HP: 63/66 MP: 11/19
 17042 | Lair:2   | Noticed a four-headed hydra
 17058 | Lair:2   | Killed a four-headed hydra
 17169 | Lair:2   | Noticed Fannar
 17184 | Lair:2   | Killed Fannar
 17527 | Lair:2   | Reached ***** piety under Vehumet
 17621 | Lair:2   | Noticed a five-headed hydra
 17651 | Lair:2   | Noticed an eight-headed hydra
 17841 | Lair:1   | Killed a five-headed hydra
 17841 | Lair:1   | Reached skill level 13 in Fire Magic
 18132 | Lair:2   | Offered knowledge of Spellforged Servitor by Vehumet.
 18135 | Lair:2   | Noticed a four-headed hydra
 18147 | Lair:3   | Found a staircase to the Snake Pit.
 18374 | Lair:3   | Noticed Sonja
 18787 | Lair:3   | Killed Sonja
 19824 | Lair:3   | Found a sparkling altar of Nemelex Xobeh.
 20613 | Lair:3   | Found a blossoming altar of Fedhas.
 21628 | Lair:2   | Killed a four-headed hydra
 21628 | Lair:2   | Reached XP level 13. HP: 46/71 MP: 13/24
 22052 | Lair:1   | Learned a level 5 spell: Fireball
 22056 | Lair:1   | Learned a level 3 spell: Conjure Flame
 22157 | Lair:2   | Killed an eight-headed hydra
 23687 | Lair:3   | Reached skill level 14 in Fire Magic
 24567 | Lair:3   | Shot with a bolt by a naga sharpshooter

Action                   |  1- 3 |  4- 6 |  7- 9 | 10-12 | 13-15 || total
-------------------------+-------+-------+-------+-------+-------++-------
Melee: Dagger            |    22 |    42 |    28 |       |       ||    92
       Flail             |       |       |    46 |    85 |     8 ||   139
 Cast: Flame Tongue      |     3 |    37 |   237 |   704 |   103 ||  1084
       Sticky Flame      |       |     2 |    19 |   106 |    23 ||   150
       Fireball          |       |       |       |       |     1 ||     1
       Conjure Flame     |       |       |       |       |     1 ||     1
Evoke: Wand              |       |       |       |     6 |     9 ||    15
  Use: Potion            |       |       |     4 |    15 |     1 ||    20
       Scroll            |       |       |    10 |     7 |     1 ||    18
 Stab: Sleeping          |     7 |    13 |     4 |     4 |       ||    28
       Distracted        |     1 |       |       |       |       ||     1
       Paralysed         |       |       |       |     1 |       ||     1
  Eat: Chunk             |       |     7 |    22 |    42 |     5 ||    76
       Bread ration      |       |       |     1 |     3 |       ||     4
       Pizza             |       |       |     1 |       |       ||     1
       Fruit             |       |       |       |     8 |     5 ||    13
       Beef jerky        |       |       |       |     3 |     1 ||     4
